 Dungeon Crawl Stone Soup version 0.25-a0-404-gc1b5a34292 (webtiles) character file.

Game seed: 5780292387403952570, levelgen mode: deterministic

5330 kae the Zephyrmancer (level 10, -7/69 HPs)
             Began as a Red Draconian Air Elementalist on Jan 10, 2020.
             Was a Follower of Vehumet.
             Mangled by a troll (12 damage)
             ... on level 9 of the Dungeon.
             The game lasted 00:13:26 (12357 turns).

kae the Zephyrmancer (DrAE)                        Turns: 12357, Time: 00:13:27

Health: -7/69      AC:  9    Str: 11    XL:     10   Next: 38%
Magic:  21/21      EV: 12    Int: 19    God:    Vehumet [*.....]
Gold:   334        SH:  3    Dex: 11    Spells: 13/23 levels left

rFire    + + .     SeeInvis .   a - +0 whip (elec)
rCold    x . .     Gourm    .   (no shield)
rNeg     . . .     Faith    .   (armour unavailable)
rPois    .         Spirit   .   (helmet restricted)
rElec    .         Reflect  +   q - +0 cloak
rCorr    .         Harm     .   p - +0 pair of gloves
MR       .....                  (no boots)
Stlth    ++........             w - +3 amulet of reflection
HPRegen  0.21/turn              f - ring of fire
MPRegen  0.17/turn              k - ring of wizardry

@: slowed, very slow
A: breathe fire, unfitting armour, fire resistance 1, cold-blooded, AC +7
a: Breathe Fire, Renounce Religion


You were on level 9 of the Dungeon.
You worshipped Vehumet.
Vehumet was aware of your devotion.
You were hungry.

You visited 2 branches of the dungeon, and saw 10 of its levels.

You collected 334 gold pieces.

Inventory:

Hand Weapons
 a - a +0 whip of electrocution (weapon)
 b - a +2 short sword of flaming
Armour
 p - a +0 pair of gloves (worn)
 q - a +0 cloak (worn)
Jewellery
 f - a ring of fire (left hand)
 k - a ring of wizardry (right hand)
 n - an uncursed amulet of rage
 w - a +3 amulet of reflection (around neck)
Wands
 s - a wand of polymorph (8)
 t - a wand of digging (5)
Scrolls
 c - 2 scrolls of teleportation
 d - 3 scrolls of blinking
 e - a scroll of remove curse
 j - 2 scrolls of enchant armour
 m - a scroll of fog
 v - a scroll of enchant weapon
Potions
 g - a potion of flight
 h - a potion of cancellation
 l - a potion of heal wounds
 o - a potion of mutation
 r - 2 potions of curing
 u - a potion of degeneration {unknown}
 x - a potion of invisibility
Comestibles
 i - 9 rations


   Skills:
 - Level 1.7 Dodging
 - Level 1.7 Stealth
 + Level 7.3 Spellcasting
 + Level 7.8 Conjurations
 * Level 11.2 Air Magic


You had 13 spell levels left.
You knew the following spells:

 Your Spells              Type           Power        Failure   Level  Hunger
a - Shock                 Conj/Air       ####         1%          1    None
b - Static Discharge      Conj/Air       #####...     1%          3    #......
c - Swiftness             Chrm/Air       ####....     1%          2    None
d - Airstrike             Air            #####.....   1%          4    ###....

Your spell library contained the following spells:

 Spells                   Type           Power        Failure   Level  Hunger
 Magic Dart               Conj           ####         1%          1    None
 Lightning Bolt           Conj/Air       #####.....   2%          5    #####..


Dungeon Overview and Level Annotations

Branches:
Dungeon (9/15)             Temple (1/1) D:6            Lair (0/6) D:9
    Orc: D:9-12

Altars:
Ashenzari
Cheibriados
Dithmenos
Elyvilon
Fedhas
Gozag
Hepliaklqana
Kikubaaqudgha
Makhleb
Nemelex Xobeh
Qazlal
Ru
Sif Muna
Trog
Uskayaw
Vehumet
Wu Jian
Xom
Yredelemnul
Zin
The Shining One

Shops:
D:4 :   D:7 =

Annotations:
D:2 Sigmund
D:7 exclusion: cyclops, Harold
D:8 1 runed translucent door, Borgoz's ghost, novice GrGl


Innate Abilities, Weirdness & Mutations

You can breathe blasts of fire.
Your fiery red scales are hard. (AC +7)
You cannot fit into any form of body armour.
Your flesh is heat resistant. (rF+)
You are cold-blooded and may be slowed by cold attacks.


Message History

Okay, then.
The orc closely misses you. You block the orc wizard's attack.
The troll bites you but does no damage. The troll closely misses you.
The troll claws you.
* * * LOW HITPOINT WARNING * * *
A killer bee comes into view.
The killer bee buzzes angrily.
The orc wizard gestures at you while chanting.
The magic dart hits you.
* * * LOW HITPOINT WARNING * * *
The orc hits you but does no damage. The orc wizard casts a spell at you.
The magic dart hits you.
* * * LOW HITPOINT WARNING * * *
You block the orc's attack.
The orc wizard is no longer moving quickly.
The killer bee barely misses you. The troll bites you.
* * * LOW HITPOINT WARNING * * *
The troll barely misses you. The troll claws you!
You die...

..............#........ #
#.........o..##........ ..
...#.##..##..###....... ..T
.. ####.####...........
##.. #....####..........
<.... ###.oo###....#.>...##
......#...#o......#####.###
......)...#T........# #....
..........@.........# #....
....##.....y........#......
......###..................
.. #..#.####.....##........
##... ##....# ........ #
#.# ##....###.......
###..###...............
.###........(.............
... .#....................


You could see a troll, a killer bee and 2 orcs.

Vanquished Creatures
  2 two-headed ogres (D:8)
  Pikel (D:8)
  Grinder (D:5)
  Menkaure (D:4)
  2 sky beasts
  2 orc warriors
  A black bear (D:6)
  An ice beast (D:5)
  3 phantoms
  2 ogres
  2 crocodiles
  3 centaurs
  Blork the orc (D:5)
  2 bullfrogs
  3 scorpions
  A water moccasin skeleton (D:5)
  5 wights (D:6)
  3 crimson imps
  9 orc priests
  A bullfrog skeleton (D:8)
  8 orc wizards
  Crazy Yiuf (D:5)
  Jessica (D:2)
  A centaur skeleton (D:6)
  Natasha (thrice) (D:3)
  A gnoll shaman (D:4)
  3 iguanas
  6 worker ants
  Terence (D:3)
  A hound skeleton (D:8)
  2 worker ant zombies
  3 gnolls (D:4)
  10 adders
  2 oozes
  2 worms (D:3)
  A dart slug (D:1)
  5 leopard geckos
  39 orcs
  4 bats
  3 giant cockroaches
  6 hobgoblins
  11 jackals
  4 quokkas
  A ball python (D:3)
  7 frilled lizards
  7 goblins
  7 kobolds
  3 rats
  3 fungi (D:5)
192 creatures vanquished.

Vanquished Creatures (others)
  A hound (D:8)
  A quokka (D:5)
2 creatures vanquished.

Grand Total: 194 creatures vanquished

Notes
Turn   | Place    | Note
-------+----------+-------------------------------------------
     0 | D:1      | kae the Draconian Air Elementalist began the quest for the
                  | Orb.
     0 | D:1      | Reached XP level 1. HP: 14/14 MP: 3/3
   257 | D:1      | Reached XP level 2. HP: 20/20 MP: 5/5
  1060 | D:2      | Reached XP level 3. HP: 22/26 MP: 2/6
  1191 | D:2      | Found an ancient bone altar of Kikubaaqudgha.
  1191 | D:2      | Found a hazy altar of Hepliaklqana.
  1196 | D:2      | Found a blossoming altar of Fedhas.
  1198 | D:2      | Found a sparkling altar of Nemelex Xobeh.
  1200 | D:2      | Found a shattered altar of Ashenzari.
  1317 | D:2      | Found an opulent altar of Gozag.
  1398 | D:2      | Noticed Jessica
  1410 | D:2      | HP: 1/26 [Jessica/nerve-wracking pain (12)]
  1422 | D:2      | Killed Jessica
  1422 | D:2      | Reached skill level 4 in Air Magic
  1777 | D:2      | Reached XP level 4. HP: 33/33 MP: 3/7
  1828 | D:2      | Noticed Sigmund
  2945 | D:3      | Noticed Terence
  2953 | D:3      | Noticed Natasha
  2956 | D:3      | Killed Terence
  3067 | D:2      | Learned a level 3 spell: Static Discharge
  3070 | D:2      | Learned a level 2 spell: Swiftness
  3084 | D:3      | Killed Natasha
  3206 | D:3      | Reached XP level 5. HP: 35/38 MP: 0/9
  3473 | D:3      | Noticed Natasha
  3488 | D:3      | Killed Natasha
  3488 | D:3      | Reached skill level 5 in Air Magic
  3583 | D:3      | Noticed Natasha
  3589 | D:3      | Killed Natasha
  3971 | D:3      | Reached XP level 6. HP: 44/45 MP: 0/10
  4128 | D:3      | Found a sacrificial altar of Ru.
  4729 | D:4      | Found Tuukoth's Book Boutique.
  4778 | D:4      | Found a burning altar of Makhleb.
  4871 | D:4      | Reached skill level 6 in Air Magic
  4871 | D:4      | Your scales start taking on a fiery red colour.
  4871 | D:4      | Reached XP level 7. HP: 39/50 MP: 1/12
  4871 | D:4      | Gained mutation: Your flesh is heat resistant. (rF+) [Red
                  | Draconian growth]
  5277 | D:4      | Noticed Menkaure
  5280 | D:4      | Killed Menkaure
  5792 | D:5      | Entered Level 5 of the Dungeon
  5948 | D:5      | Learned a level 4 spell: Airstrike
  5965 | D:5      | Reached skill level 7 in Air Magic
  6141 | D:5      | Noticed Grinder
  6150 | D:5      | Killed Grinder
  6150 | D:5      | Reached XP level 8. HP: 49/57 MP: 0/15
  6377 | D:5      | Found a white marble altar of Elyvilon.
  6402 | D:5      | Reached skill level 5 in Spellcasting
  6402 | D:5      | Reached skill level 5 in Conjurations
  6575 | D:5      | Reached skill level 8 in Air Magic
  7183 | D:5      | Noticed Blork the orc
  7186 | D:5      | Killed Blork the orc
  7285 | D:5      | Found a runed translucent door.
  7286 | D:5      | Noticed Crazy Yiuf
  7334 | D:5      | Killed Crazy Yiuf
  7674 | D:6      | Found a staircase to the Ecumenical Temple.
  7700 | Temple   | Entered the Ecumenical Temple
  7764 | Temple   | Became a worshipper of Vehumet
  8175 | D:6      | Reached XP level 9. HP: 62/62 MP: 11/17
  8181 | D:6      | Reached skill level 9 in Air Magic
  8416 | D:6      | Found a glowing golden altar of the Shining One.
  9041 | D:6      | Reached * piety under Vehumet
  9041 | D:6      | Offered knowledge of Magic Dart by Vehumet.
  9360 | D:7      | Found Vul Erchu's Jewellery Emporium.
  9647 | D:7      | Noticed a cyclops
  9996 | D:7      | Noticed Harold
 10282 | D:8      | Noticed Pikel
 10310 | D:8      | Killed Pikel
 10310 | D:8      | Reached skill level 10 in Air Magic
 10535 | D:8      | Noticed a two-headed ogre
 10549 | D:8      | Killed a two-headed ogre
 10549 | D:8      | Reached XP level 10. HP: 69/69 MP: 5/20
 10932 | D:8      | Noticed a two-headed ogre
 11046 | D:8      | Noticed Borgoz's ghost (novice GrGl)
 11047 | D:8      | Found a runed translucent door.
 11071 | D:8      | Killed a two-headed ogre
 11071 | D:8      | Reached skill level 11 in Air Magic
 11289 | D:8      | Found a basalt altar of Yredelemnul.
 12310 | D:9      | Found a staircase to the Lair.
 12357 | D:9      | Mangled by a troll

Levels and vault maps discovered:
D:1:      minmay_arrival_stone_box, layout_basic
D:2:      layout_loops_corners, chequers_temple_overflow_minitemple,
          lemuel_round_altar, uniq_sigmund, uniq_jessica
D:3:      layout_loops_ring, nicolae_ru_sacrificial_ziggurat, uniq_natasha,
          uniq_terence
D:4:      layout_basic, lemuel_round_altar, serial_shops, shop, uniq_menkaure
D:5:      layout_basic, elyvilon_altar_4, first_ration, uniq_grinder,
          uniq_blork_the_orc, uniq_crazy_yiuf_cottage
D:6:      layout_basic, kennysheep_mini_moat, minmay_temple_entry_hall,
          nrook_mini_backslash
D:7:      minmay_blocky_corners, layout_basic, serial_shops, shop, uniq_harold
D:8:      layout_gridville, lemuel_crystal_altar, ebering_ghost_inner_flame,
          uniq_pikel
D:9:      layout_cave_pools, okawaru_altar_gauntlet_db, lair_entry_dummy,
          serial_shops, shop, david_nohive_1, hangedman_decor_lopped,
          small_statue_intersection
Temple:   zaba_magenta_temple

Skill      XL: |  1  2  3  4  5  6  7  8  9 10 |
---------------+-------------------------------+-----
Conjurations   | 2 3 4 5 7 |  7.8
Air Magic      | 4 5 6 7 8 10 11 | 11.2
Spellcasting   | 3 4 5 6 7 |  7.3
Dodging        | |  1.7
Stealth        | |  1.7

Action                   |  1- 3 |  4- 6 |  7- 9 | 10-12 || total
-------------------------+-------+-------+-------+-------++-------
Melee: Unarmed           |    40 |    42 |       |       ||    82
       Tailslap          |     4 |     8 |    15 |       ||    27
       Short sword       |       |    25 |   160 |       ||   185
       Whip              |       |       |     7 |     3 ||    10
 Cast: Shock             |    47 |   126 |   125 |    62 ||   360
       Static Discharge  |       |     1 |    18 |    19 ||    38
       Airstrike         |       |       |    31 |     7 ||    38
       Swiftness         |       |       |     2 |       ||     2
 Abil: Breathe Fire      |       |       |    12 |     2 ||    14
  Use: Scroll            |     8 |     3 |     6 |     2 ||    19
       Potion            |     1 |       |     2 |       ||     3
 Stab: Confused          |       |     1 |       |       ||     1
       Sleeping          |       |       |     2 |       ||     2
  Eat: Chunk             |     3 |     7 |    17 |     7 ||    34
       Ration            |       |     1 |     2 |       ||     3
Armor: Skin              |    12 |    17 |    41 |    17 ||    87
Dodge: Dodged            |    36 |    57 |   102 |    18 ||   213
Block: Other             |       |       |       |     4 ||     4

Table legend:
 A = Non-vault XP
 B = Vault XP
 C = Vault XP percentage of total XP
 D = Non-vault monster count
 E = Vault monster count
 F = Vault count percentage of total count
                 A         B        C        D         E       F
            +---------+---------+-------+---------+---------+-------
      Total |    6305 |    1310 |  17.2 |     181 |       8 |   4.2
            +---------+---------+-------+---------+---------+-------
        D:1 |      30 |       0 |   0.0 |      16 |       0 |   0.0
        D:2 |      48 |      37 |  43.5 |      18 |       1 |   5.3
        D:3 |     248 |      66 |  21.0 |      30 |       2 |   6.2
        D:4 |     431 |     169 |  28.2 |      13 |       1 |   7.1
        D:5 |     919 |     397 |  30.2 |      25 |       3 |  10.7
        D:6 |    1342 |       0 |   0.0 |      43 |       0 |   0.0
        D:7 |     317 |       0 |   0.0 |       8 |       0 |   0.0
        D:8 |    2456 |     641 |  20.7 |      14 |       1 |   6.7
        D:9 |     514 |       0 |   0.0 |      14 |       0 |   0.0
            +---------+---------+-------+---------+---------+-------
